 Seeded DCSS version 0.27.1-37-g7b29ead8ac (console) character file.

Game seed: 2579396766731946961 (custom seed)

5190 grimtooth the Fighter (level 10, -2/115 HPs)
             Began as an Ogre Gladiator on May 28, 2023.
             Was a Priest of the Shining One.
             Slain by an eight-headed hydra (7 damage)
             ... on level 9 of the Dungeon.
             The game lasted 00:25:16 (8079 turns).

grimtooth the Fighter (Ogre Gladiator)              Turns: 8079, Time: 00:25:16

Health: -2/115     AC: 13    Str: 22    XL:     10   Next: 60%
Magic:  14/14      EV: 12    Int: 10    God:    the Shining One [***...]
Gold:   487        SH:  0    Dex: 10    Spells: 9/9 levels left

rFire    . . .     SeeInvis .   a - +0 war axe
rCold    . . .     Faith    .   (no shield)
rNeg     + . .     Spirit   .   I - +0 steam dragon scales
rPois    .         Reflect  .   x - +2 hat
rElec    .         Harm     .   g - +0 cloak
rCorr    .         Rampage  .   (gloves unavailable)
Will     +....                  (boots unavailable)
Stlth    +.........             k - amulet of regeneration
HPRegen  1.29/turn              m - +4 ring of protection
MPRegen  0.14/turn              M - +4 ring of slaying

@: mighty, slowed, glowing, very slow
A: large, unfitting armour, tough skin 1
a: Renounce Religion, Divine Shield


You were on level 9 of the Dungeon.
You worshipped the Shining One.
The Shining One was most pleased with you.
You visited 2 branches of the dungeon, and saw 10 of its levels.
You also visited: Ossuary.

You collected 487 gold pieces.

Inventory:

Hand Weapons
 a - a +0 war axe (weapon)
Missiles
 d - 4 throwing nets {=f}
 j - 33 stones (quivered)
 q - 104 sling bullets
 y - 40 poisoned darts
 A - 2 curare-tipped darts
 D - 2 boomerangs
 U - 5 javelins
 W - 5 boomerangs of dispersal
Armour
 b - a +0 robe
 c - a +0 hat
 g - a +0 cloak (worn)
 x - a +2 hat (worn)
 I - +0 steam dragon scales (worn)
Magical Staves
 z - a staff of fire
 H - a staff of earth
Jewellery
 k - an amulet of regeneration (around neck)
 m - a +4 ring of protection (left hand)
 w - a ring of positive energy
 C - a ring of positive energy
 K - an amulet of reflection
 M - a +4 ring of slaying (right hand)
 Q - a +6 ring of intelligence
 S - an amulet of guardian spirit
Wands
 t - a wand of mindburst (5)
 V - a wand of iceblast (15)
Scrolls
 h - a scroll of brand weapon {unknown}
 l - 2 scrolls of enchant armour {unknown}
 o - a scroll of holy word {unknown}
 p - 4 scrolls of teleportation {unknown}
 u - 3 scrolls of blinking {unknown}
 v - 2 scrolls of immolation {unknown}
 E - a scroll of torment
 F - a scroll of enchant weapon {unknown}
 P - a scroll of summoning {unknown}
 R - 2 scrolls of noise {unknown}
 T - a scroll of fear
Potions
 e - a potion of berserk rage
 f - a potion of heal wounds {unknown}
 i - 2 potions of might
 n - 2 potions of cancellation {unknown}
 s - 2 potions of brilliance
 B - a potion of degeneration {unknown}
 G - 3 potions of curing
 J - a potion of invisibility
 L - a potion of haste {unknown}
 N - a potion of mutation {unknown}
 O - 2 potions of lignification
 X - a potion of flight


   Skills:
 - Level 12.0 Fighting
 + Level 7.5 Axes
 - Level 2.0 Throwing
 * Level 8.4 Dodging
 - Level 6.0 Invocations


You had 9 spell levels left.
You didn't know any spells.
Your spell library contained the following spells:

 Spells                   Type           Power      Damage    Failure   Level
 Freeze                   Ice            0%         1d3       36%         1
 Summon Small Mammal      Summ           0%         N/A       36%         1
 Slow                     Hex            0%         N/A       50%         2
 Call Canine Familiar     Summ           0%         N/A       75%         3
 Confusing Touch          Hex            0%         N/A       75%         3
 Frozen Ramparts          Ice            0%         1d2       75%         3
 Summon Guardian Golem    Hex/Summ       0%         N/A       75%         3
 Vampiric Draining        Necr           0%         2d6       75%         3
 Hailstorm                Conj/Ice       0%         3d3       98%         4
 Alistair's Intoxication  Tmut/Pois      0%         N/A       100%        5
 Simulacrum               Ice/Necr       0%         N/A       100%        6
 Ozocubu's Refrigeration  Ice            0%         4d5       100%        7


Dungeon Overview and Level Annotations

Branches:
Dungeon (9/15)             Temple (1/1) D:6            Lair (0/6) D:8
Ossuary (visited)
    Orc: D:9-12

Altars:
Ashenzari
Cheibriados
Dithmenos
Elyvilon
Fedhas
Gozag
Hepliaklqana
Kikubaaqudgha
Makhleb
Nemelex Xobeh
Okawaru
Qazlal
Ru
Sif Muna
Trog
Uskayaw
Vehumet
Wu Jian
Xom
Yredelemnul
Zin
The Shining One

Shops:
D:1 [   D:3 :


Innate Abilities, Weirdness & Mutations

You are too large for most types of armour.
You have tough skin. (AC +1)


Message History

The eight-headed hydra bites you but does no damage.
As you read the scroll of fear, it crumbles to dust.
You assume a fearsome visage.
The kobold looks frightened! x2
The eight-headed hydra resists with almost no effort.
The eight-headed hydra bites you! The eight-headed hydra bites you. x2
* * * LOW HITPOINT WARNING * * *
The eight-headed hydra bites you!
* * * LOW HITPOINT WARNING * * *
The eight-headed hydra closely misses you.
The eight-headed hydra bites you but does no damage.
The eight-headed hydra bites you!
* * * LOW HITPOINT WARNING * * *
The eight-headed hydra misses you.
Enter note: - well shit
Okay, then.
Okay, then.
Unknown command.
Aiming: Mindburst
Press: ? - help, Shift-Dir - straight line, f/p - eight-headed hydra
Aim: an eight-headed hydra (lightly wounded, haloed, chance to affect: 30%)
Okay, then.
Okay, then.
It was a potion of might.
You feel very mighty all of a sudden.
The eight-headed hydra barely misses you.
The eight-headed hydra bites you but does no damage.
The eight-headed hydra misses you.
The eight-headed hydra bites you but does no damage.
The eight-headed hydra barely misses you.
The eight-headed hydra bites you but does no damage. x2
The eight-headed hydra barely misses you.
The eight-headed hydra bites you.
* * * LOW HITPOINT WARNING * * *
The eight-headed hydra barely misses you.
The eight-headed hydra bites you!
* * * LOW HITPOINT WARNING * * *
The eight-headed hydra bites you.
* * * LOW HITPOINT WARNING * * *
The eight-headed hydra bites you!
You die...

..........##...# #.#
..........###..# #.#
..........##...# #.#
..........##.)## #.#
..........##..)#####.#
###+########.#)......#
#.#.......####
#.##.........#
#.##.........#
#.###'###....# ..# #@#
#....# ### #D# #....#
... #....# ....##.####
...K.##.# K...... .#
#######. ..


You could see an eight-headed hydra and 2 kobolds.

Vanquished Creatures
  A death yak (D:8)
  4 centaur zombies
  A wyvern (D:8)
  A yak (D:6)
  2 basilisks (D:8)
  3 chaos spawn
  3 steam dragons
  A sky beast (D:5)
  A black bear (D:8)
  2 necrophages (D:6)
  5 centaurs
  5 kobold brigands
  9 scorpions (Ossuary)
  3 bullfrogs
  5 wights
  A bullfrog zombie (D:6)
  4 hounds
  A gnoll shaman (D:9)
  4 human zombies (Ossuary)
  An orc priest (D:4)
  3 orc wizards
  2 iguanas
  3 scorpion zombies (Ossuary)
  3 mummies (Ossuary)
  Robin (D:3)
  2 howler monkey zombies
  4 gnolls (D:9)
  6 adders
  An ufetubus (D:4)
  A worm (D:2)
  3 dart slugs
  14 orcs
  5 ball pythons
  2 bats
  7 endoplasms
  4 giant cockroaches
  4 hobgoblins
  7 jackals
  2 quokkas (D:5)
  5 frilled lizards
  2 gnoll zombies (Ossuary)
  17 goblins
  3 goblin zombies (Ossuary)
  3 hobgoblin zombies (Ossuary)
  11 kobolds
  3 kobold zombies (Ossuary)
  3 orc zombies (Ossuary)
  5 rats
183 creatures vanquished.

Notes
Turn   | Place    | Note
-------+----------+-------------------------------------------
     0 | D:1      | grimtooth the Ogre Gladiator began the quest for the Orb.
     0 | D:1      | Reached XP level 1. HP: 22/22 MP: 1/1
   135 | D:1      | You fall into a shaft and drop 1 floor!
   151 | D:2      | Reached XP level 2. HP: 29/29 MP: 2/2
   871 | D:1      | Reached XP level 3. HP: 36/36 MP: 3/3
   887 | D:1      | Found a faded altar of an unknown god.
  1169 | D:2      | Reached XP level 4. HP: 44/44 MP: 4/4
  1575 | D:3      | Reached skill level 5 in Axes
  1969 | D:3      | Found a white marble altar of Elyvilon.
  2238 | D:3      | Reached XP level 5. HP: 50/50 MP: 5/5
  2348 | D:3      | Noticed Robin
  2429 | D:3      | Killed Robin
  2590 | D:3      | Found Gooxo Kayl's Book Shoppe.
  2737 | D:4      | Noticed an ogre
  2810 | D:4      | Found a glowing silver altar of Zin.
  3086 | D:4      | Reached skill level 3 in Fighting
  3196 | D:5      | Entered Level 5 of the Dungeon
  3249 | D:5      | Noticed a kobold brigand
  3283 | D:5      | Killed a kobold brigand
  3284 | D:5      | Reached XP level 6. HP: 52/61 MP: 6/6
  3390 | D:5      | Found an iron altar of Okawaru.
  3390 | D:5      | Found a stormy altar of Qazlal.
  3632 | D:5      | Found a basalt altar of Yredelemnul.
  3660 | D:5      | Reached skill level 4 in Fighting
  3735 | D:5      | Reached skill level 5 in Fighting
  3735 | D:5      | Reached skill level 5 in Dodging
  3735 | D:5      | Reached XP level 7. HP: 72/72 MP: 7/7
  3836 | D:5      | Found a broken altar of Ashenzari.
  4257 | D:6      | Reached XP level 8. HP: 75/83 MP: 8/8
  4260 | D:6      | Reached skill level 6 in Fighting
  4373 | D:6      | Reached skill level 7 in Fighting
  4392 | D:6      | Identified the +0 ring mail "Vajep" {rPois rF++ SInv}
  4493 | D:6      | Found a staircase to the Ecumenical Temple.
  4499 | Temple   | Entered the Ecumenical Temple
  4564 | Temple   | Became a worshipper of the Shining One
  4585 | D:6      | Reached skill level 8 in Fighting
  4760 | D:6      | Noticed a yak
  4794 | D:6      | Reached skill level 9 in Fighting
  4807 | D:6      | Killed a yak
  4833 | D:6      | Reached skill level 10 in Fighting
  4894 | D:6      | Reached XP level 9. HP: 101/102 MP: 9/9
  5024 | D:7      | Reached skill level 11 in Fighting
  5100 | D:7      | Found a sand-covered staircase.
  5109 | Ossuary  | Entered an ossuary
  5255 | Ossuary  | Reached * piety under the Shining One
  5335 | Ossuary  | Reached skill level 12 in Fighting
  5357 | Ossuary  | Reached skill level 1 in Invocations
  5405 | Ossuary  | Reached ** piety under the Shining One
  6532 | D:4      | Found a hazy altar of Hepliaklqana.
  6539 | D:4      | Found a shadowy altar of Dithmenos.
  6864 | D:8      | Found a shimmering altar of Xom.
  6865 | D:8      | Found the +7 mace of Variability {chain chaos}
  6880 | D:7      | Reached XP level 10. HP: 98/115 MP: 13/13
  7118 | D:8      | Reached skill level 5 in Invocations
  7237 | D:8      | Noticed a death yak
  7246 | D:8      | Killed a death yak
  7284 | D:8      | Found a staircase to the Lair.
  7408 | D:8      | Reached *** piety under the Shining One
  7746 | D:9      | Got the Collected Works on Noxious Snow
  8073 | D:9      | Noticed a six-headed hydra
  8079 | D:9      | - well shit
  8079 | D:9      | HP: 5/115 [eight-headed hydra (4)]
  8079 | D:9      | Slain by an eight-headed hydra

Illustrated notes

..........##...# #.#
..........###..# #.#
..........##...# #.#
..........##.)## #.#
..........##..)#####.#
###+########.#)......#
#.#.......####
#.##.........#
#.##.........#
#.###'###....# ..# #@#
#....# ### #D# #....#
... #....# K.K.##.####
.....##.# ....... .#
#######. ..


Turn 8079 on D:9: - well shit

Levels and vault maps discovered:
D:1:      dpeg_arrival_line_fractal, layout_basic, serial_shops,
          nicolae_shop_trees, hellmonk_ecumenical_altar_inner_sanctum
D:2:      layout_loops_cross, eino_tiny_chamber, roderic_roman_lattice,
          amethyst_killhole
D:3:      kennysheep_goblin_castle, layout_rooms, lemuel_coloured_pillars_altar,
          serial_shops, shop_coins, minivault_5
D:4:      layout_basic, riverfiend_overflow_shadow_ancestor, zin_academy,
          minmay_crystal_room
D:5:      layout_gridville, general_overflow_altar,
          mainiacjoe_overflow_small_starburst,
          chequers_temple_overflow_statue_of_worship
D:6:      layout_rooms, minmay_temple_entry_hall, hex_intersection,
          grunt_tough_drop
D:7:      layout_cave_pods, nicolae_ossuary_entry_monument,
          kennysheep_another_room, supply_closet_lemuel
D:8:      layout_loops_ring, david_lair_generic, minmay_misc_feat_pillars,
          minmay_guarded_unrand_variability
D:9:      layout_basic
Temple:   zaba_magenta_temple

Skill      XL: |  1  2  3  4  5  6  7  8  9 10 |
---------------+-------------------------------+-----
Axes           | 4 5 6 7 |  7.5
Fighting       | 3 5 10 12 | 12.0
Dodging        | 3 5 6 7 8 |  8.4
Invocations    | 4 6 |  6.0
Throwing       | |  2.0

Action                   |  1- 3 |  4- 6 |  7- 9 | 10-12 || total
-------------------------+-------+-------+-------+-------++-------
Melee: War axe           |    70 |   185 |   284 |    97 ||   636
Throw: Stone             |     4 |    35 |    32 |    16 ||    87
       Dart              |       |       |     2 |     1 ||     3
  Use: Scroll            |       |       |     7 |     1 ||     8
       Potion            |       |       |       |     1 ||     1
 Stab: Sleeping          |     1 |       |       |       ||     1
Armor: Robe              |    33 |   137 |    75 |       ||   245
       Steam dragon scal |       |       |    81 |    66 ||   147
Dodge: Dodged            |    47 |    99 |   161 |    68 ||   375
